 Dungeon Crawl Stone Soup version 0.31-a0-185-g9dded2c639 (webtiles) character file.

Game seed: 8782080340409280476

64 qw the Shooter (level 3, -1/20 HPs)
             Began as a Deep Elf Hunter on June 22, 2023.
             Slain by a gnoll
             ... wielding a +0 whip
              (3 damage)
             ... on level 3 of the Dungeon.
             The game lasted 00:00:34 (1134 turns).

qw the Shooter (Deep Elf Hunter)                    Turns: 1134, Time: 00:00:35

Health: -1/20      AC:  7    Str: 10    XL:     3   Next: 91%
Magic:  5/5        EV:  9    Int: 13    God:
Gold:   120        SH:  0    Dex: 18    Spells: 2/2 levels left

rFire   + . .        Y - +0 shortbow
rCold   . . .        (shield currently unavailable)
rNeg    . . .        f - +0 scale mail
rPois   .            (no helmet)
rElec   .            (no cloak)
rCorr   .            (no gloves)
SInv    .            h - +0 pair of boots
Will    .....        (no amulet)
Stlth   +            g - ring of protection from fire
HPRegen 0.23/turn    (no ring)
MPRegen 0.09/turn

%: no passive effects
@: about to teleport
A: no striking features
a: no special abilities


You were on level 3 of the Dungeon.
You visited 1 branch of the dungeon, and saw 3 of its levels.

You collected 120 gold pieces.


   Skills:
 - Level 1.5 Fighting
 + Level 7.3 Ranged Weapons
 - Level 2.4 Dodging
 - Level 1.2 Stealth


You had 2 spell levels left.
You didn't know any spells.
Your spell library was empty.

Inventory:

Hand Weapons
 Y - a +0 shortbow (weapon)
Armour
 f - a +0 scale mail (worn)
 h - a +0 pair of boots (worn)
Jewellery
 g - a ring of protection from fire (left hand)
Potions
 e - a potion of heal wounds {unknown}
 i - a potion of magic {unknown}

Dungeon Overview and Level Annotations

Branches:
Dungeon (3/15)

Altars:
Cheibriados


Message History

You hear a shout!
You shoot an arrow. The goblin shouts!
The arrow hits the goblin.
You kill the goblin!
You hear a shout!
A gnoll comes into view. It is wielding a +0 whip. x2
The gnoll shouts!
You shoot an arrow.
The arrow hits the goblin but does no damage.
You shoot an arrow. The arrow closely misses the goblin.
The arrow hits the gnoll.
The gnoll is lightly wounded.
The goblin hits you but does no damage.
A gnoll comes into view. It is wielding a +0 halberd.
You shoot an arrow.
The arrow hits the gnoll but does no damage.
The gnoll is lightly wounded.
You hear a shout!
The gnoll hits you with a +0 whip. The goblin hits you but does no damage.
A gnoll comes into view. It is wielding a +0 spear.
The gnoll hits you with a +0 whip. The goblin barely misses you.
You shoot an arrow. The arrow barely misses the gnoll.
The goblin barely misses you. The gnoll barely misses you. x2
You shoot an arrow. The arrow hits the gnoll.
The gnoll is heavily wounded.
The goblin hits you with a +0 dagger. The gnoll hits you with a +0 whip.
The gnoll closely misses you.
You shoot an arrow.
The arrow hits the gnoll but does no damage.
The gnoll is heavily wounded.
The goblin closely misses you. The gnoll barely misses you.
The gnoll closely misses you. The goblin hits you but does no damage.
The gnoll hits you with a +0 whip.
The gnoll hits you from afar with a +0 halberd!
1134 ||| READING scroll of teleportation.
As you read the scroll of teleportation, it crumbles to dust.
You feel strangely unstable. The gnoll hits you but does no damage.
The gnoll hits you with a +0 whip.
You die...

##.# ##.... #.....#
#.....# ####.....###
# #.............
#...###............#
.....gg@...._......#
.....ggg...........
...................#
....#.####.....###.#
... #) #.....# .# ..
#. #.....###.# ! .
###..#..#.# #
##.##.#.#
#......#####


You could see 4 gnolls and a goblin.

Vanquished Creatures
  A mummy (D:3)
  An adder (D:2)
  A worm (D:2)
  6 endoplasms
  2 giant cockroaches (D:2)
  4 goblins
  3 hobgoblins (D:1)
  4 kobolds
  A quokka (D:1)
  3 ball pythons
  3 bats
  4 frilled lizards (D:1)
  7 rats
40 creatures vanquished.

Notes
Turn   | Place    | Note
-------+----------+-------------------------------------------
     0 | D:1      | qw the Deep Elf Hunter began the quest for the Orb.
     0 | D:1      | Reached XP level 1. HP: 12/12 MP: 3/3
     0 | D:1      | 0 ||| qw: Version: 0.3-a-9-g12657ce
     0 | D:1      | 0 ||| qw: Game counter: 1922
     0 | D:1      | 0 ||| qw: Always use a shield: true
     0 | D:1      | 0 ||| qw: God list: Okawaru
     0 | D:1      | 0 ||| qw: Allow faded altars: false
     0 | D:1      | 0 ||| qw: Do Orc after D:15 true
     0 | D:1      | 0 ||| qw: Do second Lair branch before Depths: true
     0 | D:1      | 0 ||| qw: Lair rune preference: random
     0 | D:1      | 0 ||| qw: Plans: Normal
     0 | D:1      | 0 ||| PLANNING D:1-11
    84 | D:1      | Reached XP level 2. HP: 16/16 MP: 4/4
    86 | D:1      | Reached skill level 6 in Ranged Weapons
   490 | D:1      | 490 ||| UPGRADING to +0 scale mail.
   500 | D:1      | 500 ||| DROPPING +0 leather armour.
   501 | D:1      | 501 ||| UPGRADING to +0 pair of boots.
   506 | D:1      | 506 ||| UPGRADING to ring of protection from fire.
   507 | D:1      | 507 ||| READING scroll labelled ZIUFFENISU.
   511 | D:1      | 511 ||| DROPPING scroll of butterflies.
   593 | D:2      | Reached XP level 3. HP: 20/20 MP: 5/5
   721 | D:2      | Found a faded altar of an unknown god.
   883 | D:2      | Reached skill level 7 in Ranged Weapons
   885 | D:2      | HP: 5/20 [poisoned by an adder]
  1052 | D:2      | 1052 ||| READING scroll labelled HOSO GEMMEYNEEM.
  1053 | D:2      | 1053 ||| READING scroll labelled ZOETTE IRAT.
  1054 | D:2      | 1054 ||| READING 2 scrolls labelled TIWYIWK JUUG.
  1092 | D:2      | 1092 ||| READING scroll labelled GIRPHINTUTH.
  1093 | D:2      | 1093 ||| READING scroll labelled CEDEGGASTRA.
  1094 | D:2      | 1094 ||| READING scroll labelled RERICIV VESUWN.
  1095 | D:2      | 1095 ||| DROPPING scroll of torment.
  1108 | D:3      | Found a snail-covered altar of Cheibriados.
  1133 | D:3      | HP: 1/20 [gnoll/+0 halberd (8)]
  1134 | D:3      | 1134 ||| READING scroll of teleportation.
  1134 | D:3      | Slain by a gnoll

Levels and vault maps discovered:
D:1:      onia_arrival_handbag, layout_loops_ring, minmay_tromino_i4
D:2:      layout_rooms, hellmonk_ecumenical_altar_lost_god,
          minmay_misc_feat_square
D:3:      layout_loops_cross, lemuel_doored_altar, slow_altar_1,
          grunt_ministairs_3

Skill      XL: |  1  2  3 |
---------------+----------+-----
Ranged Weapons | 6 7 |  7.3
Fighting       | |  1.5
Dodging        | |  2.4
Stealth        | |  1.2

Action                     || total
---------------------------++-------
   Fire: Shortbow          ||   113
    Use: Scroll            ||     8
 Armour: Leather armour    ||     2
         Scale mail        ||    15
  Dodge: Dodged            ||    28

Table legend:
 A = Non-vault XP
 B = Vault XP
 C = Vault XP percentage of total XP
 D = Non-vault monster count
 E = Vault monster count
 F = Vault count percentage of total count
                 A         B        C        D         E       F
            +---------+---------+-------+---------+---------+-------
      Total |      64 |      28 |  30.4 |      32 |       8 |  20.0
            +---------+---------+-------+---------+---------+-------
        D:1 |      26 |      10 |  27.8 |      17 |       7 |  29.2
        D:2 |      37 |       0 |   0.0 |      14 |       0 |   0.0
        D:3 |       1 |      18 |  94.7 |       1 |       1 |  50.0
            +---------+---------+-------+---------+---------+-------
